 Dungeon Crawl Stone Soup version 0.30.0-20-g3615ddf2f0 (webtiles) character file.

Game seed: 11259940089575860762

9026 qw the Cleaver (level 11, -11/78 HPs)
             Began as a Gargoyle Fighter on May 31, 2023.
             Was a Priest of Okawaru.
             Killed from afar by an ice dragon (26 damage)
             ... with a blast of cold
             ... on level 1 of the Lair of Beasts.
             The game lasted 00:04:51 (8187 turns).

qw the Cleaver (Gargoyle Fighter)                   Turns: 8187, Time: 00:04:52

Health: -11/78     AC: 24    Str: 25    XL:     11   Next: 40%
Magic:  14/14      EV:  7    Int:  8    God:    Okawaru [***...]
Gold:   727        SH:  5    Dex:  9    Spells: 10/10 levels left

rFire   . . .        Y - +7 war axe
rCold   + . .        c - +0 buckler
rNeg    + . .        o - +0 plate armour {rC+}
rPois   inf          p - +0 helmet
rElec   +            (no cloak)
rCorr   .            j - +1 pair of gloves
SInv    .            e - +0 pair of boots
Will    .....        l - amulet of regeneration Stlth
                     (no ring)
HPRegen 1.13/turn    (no ring)
MPRegen 0.14/turn

%: no passive effects
@: no status effects
A: sickness immunity, AC +8, negative energy resistance 1, electricity
resistance, torment resistance 1, petrification resistance, iridescent scales 1,
deformed body, robust 1, shaggy fur 1, MP-powered wands
a: Renounce Religion, Heroism


You were on level 1 of the Lair of Beasts.
You worshipped Okawaru.
Okawaru was most pleased with you.
You visited 3 branches of the dungeon, and saw 11 of its levels.

You collected 728 gold pieces.
You spent 1 gold pieces at shops.


Innate Abilities, Weirdness & Mutations

You are immune to sickness and miasma.
Your stone body is resilient. (AC +8)
You are immune to poison.
You resist negative energy. (rN+)
You are resistant to electric shocks. (rElec)
You are resistant to unholy torment.
You are immune to petrification.
You are partially covered in iridescent scales. (AC +2)
Armour fits poorly on your strangely shaped body.
You are robust. (+10% HP)
You are covered in fur. (AC +1)
You expend magic power (3 MP) to strengthen your wands.


   Skills:
 - Level 9.0 Fighting
 + Level 11.9 Axes
 - Level 1.1 Throwing
 - Level 8.1 Armour
 - Level 1.2 Dodging
 - Level 5.4 Shields
 - Level 4.3 Invocations


You had 10 spell levels left.
You didn't know any spells.
Your spell library was empty.

Inventory:

Hand Weapons
 k - a +0 war axe of flaming
 q - the +7 war axe of Irrepressible Laughter {flame, *Slow rF- rN++ Stlth+}
   (You found it on level 9 of the Dungeon)

   rF:        It makes you vulnerable to fire.
   rN:        It greatly protects you from negative energy.
   *Slow:     It may slow you when you take damage.
   Stlth:     It makes you more stealthy.
 Y - a +7 war axe (weapon)
Missiles
 g - 5 boomerangs (quivered)
Armour
 c - a +0 buckler (worn)
 e - a +0 pair of boots (worn)
 h - an orb of mayhem
 j - a +1 pair of gloves (worn)
 o - a +0 plate armour of cold resistance (worn)
 p - a +0 helmet (worn)
Jewellery
 l - an amulet of regeneration (around neck)
Scrolls
 a - 4 scrolls of identify
Potions
 b - a potion of magic
 d - a potion of might
 f - 2 potions of lignification
 i - a potion of attraction
 m - a potion of haste

Dungeon Overview and Level Annotations

Branches:
Dungeon (9/15)             Temple (1/1) D:7            Lair (1/5) D:9
    Orc: D:9-12

Altars:
Ashenzari
Cheibriados
Dithmenos
Elyvilon
Fedhas
Gozag
Hepliaklqana
Kikubaaqudgha
Makhleb
Nemelex Xobeh
Okawaru
Qazlal
Ru
Sif Muna
Trog
Uskayaw
Vehumet
Wu Jian
Xom
Yredelemnul
Zin
The Shining One

Shops:
D:7 *   D:9 *

Annotations:
D:7 1 runed translucent door, qw's ghost, novice GrFi
D:9 2 transporters, qw's ghost, novice GrFi


Message History

You are engulfed in freezing vapours.
You resist. The ice dragon bites you!
The ice dragon claws you but does no damage.
The ice dragon barely misses you.
Your unstable footing causes you to fumble your attack.
You are engulfed in freezing vapours.
You resist.
You slice the ice dragon!!
The ice dragon is almost dead.
You are engulfed in freezing vapours.
You resist. The ice dragon closely misses you.
You block the ice dragon's attack. The ice dragon barely misses you.
Your unstable footing causes you to fumble your attack.
The ice dragon barely misses you.
The ice dragon claws you but does no damage.
You block the ice dragon's attack.
Your unstable footing causes you to fumble your attack.
The ice dragon barely misses you. x2
The ice dragon tramples you but does no damage.
Your unstable footing causes you to fumble your attack.
You hit the ice dragon.
The ice dragon is almost dead.
The ice dragon bites you but does no damage.
The ice dragon claws you but does no damage.
The ice dragon tramples you but does no damage.
Your unstable footing causes you to fumble your attack.
The ice dragon bites you but does no damage.
The ice dragon barely misses you.
The ice dragon tramples you but does no damage.
You hit the ice dragon but do no damage.
The ice dragon is almost dead.
You slash the ice dragon!
The ice dragon is almost dead.
The ice dragon bites you but does no damage.
The ice dragon barely misses you. The ice dragon tramples you!
You stumble backwards!
You hit the ice dragon but do no damage.
The ice dragon is almost dead.
You feel like a meek peon again. The ice dragon breathes frost at you.
The blast of cold hits you!! You resist.
You die...

#?![~~~~~~~
#.?$$~~~~~~
#..$$~~~~~~~
#...~~~~~~~#
##...~~~~~~~
#~~.~~~~~~#
#~~~~~~..~#
#~~~D.....#
##~~@.....#
#........#
#.......##
##......#
#......#
##....##
##..## #..#
#...... ##.#
#......


You could see an ice dragon (catching breath).

Vanquished Creatures
  2 cane toads (Lair:1)
  2 gargoyles
  Maggie (D:7)
  A komodo dragon (Lair:1)
  3 hornets
  Sigmund (D:2)
  2 wyverns
  14 yaks
  Menkaure (D:6)
  4 water moccasins
  An orc warrior (D:7)
  3 sky beasts
  5 black bears
  An ogre (D:5)
  2 centaurs (D:9)
  6 wolves (Lair:1)
  2 kobold brigands
  2 bullfrogs
  A gnoll sergeant (D:6)
  5 scorpions
  10 killer bees
  4 howler monkeys
  An electric eel (Lair:1)
  3 hounds
  3 jellies
  An orc priest (D:9)
  A gnoll bouda (D:5)
  2 sleepcaps (D:5)
  Jessica (D:2)
  Natasha (twice) (D:2)
  Ijyb (D:4)
  6 iguanas
  8 orc wizards
  Robin (D:4)
  7 gnolls
  6 adders
  A shadow imp (D:4)
  2 white imps (D:5)
  5 worms
  4 dart slugs
  27 orcs
  5 endoplasms
  3 giant cockroaches
  17 goblins
  9 hobgoblins
  6 jackals
  2 quokkas
  9 ball pythons
  5 bats
  4 frilled lizards
  7 kobolds
  5 rats
227 creatures vanquished.

Notes
Turn   | Place    | Note
-------+----------+-------------------------------------------
     0 | D:1      | qw the Gargoyle Fighter began the quest for the Orb.
     0 | D:1      | Reached XP level 1. HP: 14/14 MP: 1/1
     0 | D:1      | 0 ||| qw: Version: 0.2-a-102-gfc559e5
     0 | D:1      | 0 ||| qw: Game counter: 542
     0 | D:1      | 0 ||| qw: Always use a shield: true
     0 | D:1      | 0 ||| qw: God list: Okawaru
     0 | D:1      | 0 ||| qw: Allow faded altars: false
     0 | D:1      | 0 ||| qw: Do Orc after D:15 true
     0 | D:1      | 0 ||| qw: Do second Lair branch before Depths: true
     0 | D:1      | 0 ||| qw: Lair rune preference: random
     0 | D:1      | 0 ||| qw: Plans: Normal, Zot:1-4, Slime:5, God:TSO, Crypt,
                  | Tomb, Pan, Hells, Abyss, Win
     0 | D:1      | 0 ||| PLANNING D:1-11
    78 | D:1      | Reached skill level 2 in Axes
   137 | D:1      | 137 ||| Stepping ~*~*~tactically~*~*~ (stealth).
   139 | D:1      | 139 ||| Stepping ~*~*~tactically~*~*~ (stealth).
   144 | D:1      | Reached XP level 2. HP: 19/19 MP: 2/2
   476 | D:1      | 476 ||| DROPPING +0 club.
   909 | D:1      | Reached skill level 3 in Axes
  1014 | D:1      | 1014 ||| READING 2 scrolls labelled BUMAESH PEIN.
  1015 | D:1      | 1015 ||| READING scroll labelled JUOZ SADDA.
  1016 | D:1      | 1016 ||| READING scroll labelled AZXUAP OQUIG.
  1017 | D:1      | 1017 ||| DRINKING 2 smoky clear potions.
  1104 | D:2      | Reached XP level 3. HP: 23/23 MP: 3/3
  1119 | D:2      | Identified the +6 dagger "Beastbane" {flame, rElec}
  1258 | D:2      | 1258 ||| Stepping ~*~*~tactically~*~*~ (hiding).
  1261 | D:2      | Noticed Natasha
  1272 | D:2      | Killed Natasha
  1273 | D:2      | Reached XP level 4. HP: 12/28 MP: 4/4
  1345 | D:2      | Noticed Sigmund
  1392 | D:2      | HP: 6/28 [something (3)]
  1396 | D:2      | HP: 2/28 [something/puff of flame (5)]
  1399 | D:2      | 1399 ||| DRINKING 2 potions of heal wounds.
  1414 | D:2      | Killed Sigmund
  1415 | D:2      | Reached skill level 5 in Axes
  1415 | D:2      | Reached XP level 5. HP: 29/32 MP: 5/5
  1415 | D:2      | Reached XP level 6. HP: 33/37 MP: 6/6
  1448 | D:2      | 1448 ||| Stepping ~*~*~tactically~*~*~ (stealth).
  1640 | D:2      | 1640 ||| Stepping ~*~*~tactically~*~*~ (stealth).
  1744 | D:2      | 1744 ||| DROPPING +0 whip.
  1782 | D:2      | 1782 ||| Stepping ~*~*~tactically~*~*~ (stealth).
  1906 | D:2      | Noticed Jessica
  1907 | D:2      | 1907 ||| FLEEEEING.
  1908 | D:2      | 1908 ||| FLEEEEING.
  1915 | D:2      | Killed Jessica
  1991 | D:2      | Noticed Natasha
  2009 | D:2      | Killed Natasha
  2010 | D:2      | Reached skill level 1 in Dodging
  2147 | D:2      | 2147 ||| UPGRADING to +0 pair of gloves.
  2152 | D:2      | 2152 ||| DROPPING ring of magical power.
  2153 | D:2      | 2153 ||| READING scroll labelled SETZUNK DAYCS.
  2154 | D:2      | 2154 ||| READING 2 scrolls of identify.
  2154 | D:2      | 2154 ||| IDENTIFYING bubbling blue potion
  2310 | D:3      | 2310 ||| Stepping ~*~*~tactically~*~*~ (hiding).
  2311 | D:3      | 2311 ||| Stepping ~*~*~tactically~*~*~ (hiding).
  2322 | D:3      | 2322 ||| Stepping ~*~*~tactically~*~*~ (stealth).
  2452 | D:3      | Found a faded altar of an unknown god.
  2601 | D:3      | Reached skill level 1 in Throwing
  2651 | D:3      | 2651 ||| Stepping ~*~*~tactically~*~*~ (stealth).
  2652 | D:3      | 2652 ||| READING scroll of enchant weapon.
  2652 | D:3      | 2652 ||| ENCHANTING +1 war axe.
  2881 | D:3      | Found a radiant altar of Vehumet.
  2881 | D:3      | Found a glowing golden altar of the Shining One.
  2973 | D:3      | 2973 ||| UPGRADING to +0 chain mail.
  2983 | D:3      | 2983 ||| DROPPING +0 scale mail.
  2984 | D:3      | 2984 ||| DROPPING ring of wizardry.
  2985 | D:3      | 2985 ||| DRINKING 2 clear potions.
  2985 | D:3      | Gained mutation: You are partially covered in iridescent
                  | scales. (AC +2) [potion of mutation]
  2985 | D:3      | Gained mutation: Armour fits poorly on your strangely
                  | shaped body. [potion of mutation]
  2985 | D:3      | Gained mutation: You have a pair of small antennae on your
                  | head. [potion of mutation]
  2985 | D:3      | Gained mutation: Your flesh is heat resistant. (rF+)
                  | [potion of mutation]
  2986 | D:3      | 2986 ||| DRINKING potion of mutation.
  2986 | D:3      | Lost mutation: Your flesh is heat resistant. (rF+) [potion
                  | of mutation]
  2986 | D:3      | Lost mutation: You have a pair of small antennae on your
                  | head. [potion of mutation]
  2986 | D:3      | Gained mutation: You are covered in fur. (AC +1) [potion of
                  | mutation]
  2986 | D:3      | Gained mutation: You have hidden genetic potential. [potion
                  | of mutation]
  2987 | D:3      | 2987 ||| READING 2 scrolls of identify.
  2987 | D:3      | 2987 ||| IDENTIFYING metallic pink potion
  2988 | D:3      | 2988 ||| DROPPING potion of berserk rage.
  3038 | D:4      | Reached XP level 7. HP: 41/43 MP: 7/7
  3063 | D:4      | Reached skill level 6 in Axes
  3110 | D:4      | 3110 ||| READING scroll of enchant weapon.
  3110 | D:4      | 3110 ||| ENCHANTING +2 war axe.
  3384 | D:4      | Noticed Ijyb
  3385 | D:4      | 3385 ||| Stepping ~*~*~tactically~*~*~ (stealth).
  3390 | D:4      | Killed Ijyb
  3550 | D:4      | 3550 ||| Stepping ~*~*~tactically~*~*~ (hiding).
  3581 | D:4      | Gained mutation: You are robust. (+10% HP) [hidden
                  | potential]
  3687 | D:4      | Noticed Robin
  3695 | D:4      | Killed Robin
  3831 | D:4      | 3831 ||| UPGRADING to +0 plate armour.
  3841 | D:4      | 3841 ||| DROPPING +0 chain mail.
  3842 | D:4      | 3842 ||| UPGRADING to +0 helmet.
  3847 | D:4      | 3847 ||| READING scroll labelled WAEGHO LASSU.
  3848 | D:4      | 3848 ||| READING scroll labelled FEPPAZURAI.
  3849 | D:4      | 3849 ||| READING 2 scrolls of identify.
  3849 | D:4      | 3849 ||| IDENTIFYING puce potion
  3850 | D:4      | 3850 ||| DROPPING potion of flight.
  3855 | D:5      | Entered Level 5 of the Dungeon
  3984 | D:5      | Reached skill level 7 in Axes
  4095 | D:5      | Reached XP level 8. HP: 52/52 MP: 8/8
  4128 | D:5      | 4128 ||| Stepping ~*~*~tactically~*~*~ (stealth).
  4217 | D:5      | 4217 ||| READING 3 scrolls of enchant weapon.
  4217 | D:5      | 4217 ||| ENCHANTING +3 war axe.
  4218 | D:5      | 4218 ||| READING 2 scrolls of enchant weapon.
  4218 | D:5      | 4218 ||| ENCHANTING +4 war axe.
  4219 | D:5      | 4219 ||| READING scroll of enchant weapon.
  4219 | D:5      | 4219 ||| ENCHANTING +5 war axe.
  4233 | D:5      | 4233 ||| Stepping ~*~*~tactically~*~*~ (hiding).
  4234 | D:5      | 4234 ||| Stepping ~*~*~tactically~*~*~ (hiding).
  4235 | D:5      | 4235 ||| Stepping ~*~*~tactically~*~*~ (hiding).
  4236 | D:5      | 4236 ||| Stepping ~*~*~tactically~*~*~ (hiding).
  4248 | D:5      | Gained mutation: You expend magic power (3 MP) to
                  | strengthen your wands. [hidden potential]
  4248 | D:5      | Lost mutation: You have hidden genetic potential. [hidden
                  | potential expressed]
  4476 | D:5      | 4476 ||| UPGRADING to amulet of regeneration.
  4481 | D:5      | 4481 ||| READING scroll labelled BEGAUZ ZUADWU.
  4482 | D:5      | 4482 ||| READING scroll labelled MEUDUNK JIAVA.
  4483 | D:5      | 4483 ||| READING scroll labelled PAEPHUETAM.
  4484 | D:5      | 4484 ||| DRINKING 2 silvery potions.
  4485 | D:5      | 4485 ||| READING 3 scrolls of identify.
  4485 | D:5      | 4485 ||| IDENTIFYING ruby potion
  4486 | D:5      | 4486 ||| READING 2 scrolls of identify.
  4486 | D:5      | 4486 ||| IDENTIFYING inky potion
  4487 | D:5      | 4487 ||| DROPPING potion of invisibility.
  4516 | D:6      | Reached skill level 8 in Axes
  4519 | D:6      | 4519 ||| STAIRDANCE
  4569 | D:6      | HP: 9/53 [gnoll sergeant/+0 trident of protection (10)]
  4570 | D:6      | 4570 ||| DRINKING 4 potions of heal wounds.
  4573 | D:6      | 4573 ||| Stepping ~*~*~tactically~*~*~ (stealth).
  4574 | D:6      | 4574 ||| Stepping ~*~*~tactically~*~*~ (stealth).
  4575 | D:6      | 4575 ||| Stepping ~*~*~tactically~*~*~ (stealth).
  4593 | D:6      | 4593 ||| DRINKING potion of curing.
  4593 | D:6      | 4593 ||| (to cure confusion)
  4623 | D:6      | 4623 ||| FLEEEEING.
  4624 | D:6      | 4624 ||| FLEEEEING.
  4625 | D:6      | 4625 ||| FLEEEEING.
  4626 | D:6      | 4626 ||| FLEEEEING.
  4627 | D:6      | 4627 ||| FLEEEEING.
  4628 | D:6      | 4628 ||| FLEEEEING.
  4629 | D:6      | 4629 ||| FLEEEEING.
  4630 | D:6      | 4630 ||| FLEEEEING.
  4631 | D:6      | 4631 ||| FLEEEEING.
  4636 | D:6      | Reached skill level 6 in Fighting
  4637 | D:6      | 4637 ||| FLEEEEING.
  4638 | D:6      | 4638 ||| FLEEEEING.
  4640 | D:6      | 4640 ||| FLEEEEING.
  4641 | D:6      | 4641 ||| FLEEEEING.
  4642 | D:6      | 4642 ||| FLEEEEING.
  4643 | D:6      | 4643 ||| FLEEEEING.
  4644 | D:6      | 4644 ||| FLEEEEING.
  4645 | D:6      | 4645 ||| FLEEEEING.
  4646 | D:6      | 4646 ||| FLEEEEING.
  4647 | D:6      | 4647 ||| FLEEEEING.
  4648 | D:6      | 4648 ||| FLEEEEING.
  4649 | D:6      | 4649 ||| FLEEEEING.
  4650 | D:6      | 4650 ||| FLEEEEING.
  4651 | D:6      | 4651 ||| STAIRDANCE
  4765 | D:6      | Noticed Menkaure
  4766 | D:6      | 4766 ||| Stepping ~*~*~tactically~*~*~ (hiding).
  4778 | D:6      | Killed Menkaure
  4779 | D:6      | Reached XP level 9. HP: 39/61 MP: 9/9
  4782 | D:6      | 4782 ||| FLEEEEING.
  4786 | D:6      | 4786 ||| STAIRDANCE
  4814 | D:6      | 4814 ||| Stepping ~*~*~tactically~*~*~ (stealth).
  4905 | D:6      | 4905 ||| READING scroll of enchant armour.
  4905 | D:6      | 4905 ||| ENCHANTING +0 pair of gloves.
  5055 | D:6      | 5055 ||| Stepping ~*~*~tactically~*~*~ (stealth).
  5075 | D:6      | Reached skill level 9 in Axes
  5124 | D:6      | 5124 ||| UPGRADING to +0 plate armour of cold resistance.
  5131 | D:6      | Noticed a gargoyle
  5142 | D:6      | HP: 13/61 [gargoyle/+0 dire flail (16)]
  5143 | D:6      | 5143 ||| DRINKING 3 potions of heal wounds.
  5145 | D:6      | HP: 6/61 [gargoyle/stone arrow (11)]
  5146 | D:6      | 5146 ||| DRINKING 2 potions of heal wounds.
  5150 | D:6      | 5150 ||| DRINKING potion of heal wounds.
  5152 | D:6      | HP: 11/61 [gargoyle/+0 dire flail (17)]
  5156 | D:6      | Killed a gargoyle
  5157 | D:6      | Reached skill level 6 in Armour
  5158 | D:6      | 5158 ||| FLEEEEING.
  5201 | D:6      | 5201 ||| DROPPING +0 plate armour.
  5214 | D:6      | 5214 ||| READING scroll labelled SIC MAECOEDEO.
  5230 | D:6      | 5230 ||| FLEEEEING.
  5231 | D:6      | 5231 ||| FLEEEEING.
  5237 | D:6      | 5237 ||| FLEEEEING.
  5446 | D:6      | 5446 ||| Stepping ~*~*~tactically~*~*~ (hiding).
  5447 | D:6      | 5447 ||| Stepping ~*~*~tactically~*~*~ (hiding).
  5448 | D:6      | 5448 ||| Stepping ~*~*~tactically~*~*~ (hiding).
  5449 | D:6      | 5449 ||| Stepping ~*~*~tactically~*~*~ (hiding).
  5572 | D:6      | 5572 ||| READING 3 scrolls of identify.
  5572 | D:6      | 5572 ||| IDENTIFYING yellow potion
  5573 | D:6      | 5573 ||| DROPPING potion of brilliance.
  5622 | D:7      | 5622 ||| Stepping ~*~*~tactically~*~*~ (stealth).
  5623 | D:7      | 5623 ||| Stepping ~*~*~tactically~*~*~ (stealth).
  5624 | D:7      | Found Wypronke's Lightly-Used Armoury.
  5655 | D:7      | 5655 ||| SHOPLISTING -2 gold dragon scales (980 gold, have
                  | 470).
  5655 | D:7      | 5655 ||| SHOPLISTING -2 pearl dragon scales (1260 gold,
                  | have 470).
  5655 | D:7      | 5655 ||| BUYING -3 eveningstar (1 gold).
  5655 | D:7      | Bought a -3 eveningstar for 1 gold piece
  5655 | D:7      | 5655 ||| DROPPING +0 flail.
  5708 | D:7      | 5708 ||| Stepping ~*~*~tactically~*~*~ (stealth).
  5751 | D:7      | Reached skill level 10 in Axes
  5754 | D:7      | Reached XP level 10. HP: 65/69 MP: 10/10
  5900 | D:7      | Found a runed translucent door.
  5900 | D:7      | Noticed qw's ghost (novice GrFi)
  5929 | D:7      | Noticed Maggie
  5930 | D:7      | 5930 ||| Stepping ~*~*~tactically~*~*~ (hiding).
  5943 | D:7      | Paralysed by Maggie for 4 turns
  5947 | D:7      | Killed Maggie
  5950 | D:7      | 5950 ||| DROPPING -3 eveningstar.
  5980 | D:7      | Found a staircase to the Ecumenical Temple.
  5981 | D:7      | 5981 ||| PLANNING TEMPLE
  5981 | D:7      | 5981 ||| UPGRADING to +0 pair of boots.
  5986 | D:7      | 5986 ||| READING scroll labelled ECA POPRAELEDO.
  5993 | Temple   | Entered the Ecumenical Temple
  5993 | Temple   | Found a transporter.
  5993 | Temple   | Found a transporter.
  5995 | Temple   | Found a transporter.
  5995 | Temple   | Found a transporter.
  6005 | Temple   | 6005 ||| PLANNING D:1-11
  6020 | Temple   | 6020 ||| PLANNING OKAWARU WORSHIP
  6024 | Temple   | Became a worshipper of Warmaster Okawaru
  6024 | Temple   | 6024 ||| PLANNING D:1-11
  6131 | D:7      | Found an ornate altar of the Wu Jian Council.
  6424 | D:7      | 6424 ||| READING scroll labelled TEQELEKHEU.
  6482 | D:7      | 6482 ||| READING scroll labelled GIRI XIGGURATT.
  6650 | D:8      | Noticed a gargoyle
  6662 | D:8      | Killed a gargoyle
  6822 | D:8      | 6822 ||| Stepping ~*~*~tactically~*~*~ (stealth).
  6885 | D:8      | 6885 ||| READING 4 scrolls of identify.
  6885 | D:8      | 6885 ||| IDENTIFYING red potion
  6903 | D:9      | Reached * piety under Okawaru
  6907 | D:9      | Reached skill level 1 in Invocations
  6907 | D:9      | 6907 ||| STAIRDANCE
  6909 | D:8      | 6909 ||| INVOKING Heroism.
  6962 | D:9      | Found Opsaato's Elemental Accessories.
  6979 | D:9      | Reached skill level 3 in Invocations
  6990 | D:9      | Reached ** piety under Okawaru
  6991 | D:9      | Reached skill level 11 in Axes
  6991 | D:9      | 6991 ||| FLEEEEING.
  6992 | D:9      | 6992 ||| FLEEEEING.
  6993 | D:9      | 6993 ||| FLEEEEING.
  6994 | D:9      | 6994 ||| FLEEEEING.
  6995 | D:9      | 6995 ||| FLEEEEING.
  6996 | D:9      | 6996 ||| FLEEEEING.
  6997 | D:9      | 6997 ||| FLEEEEING.
  6998 | D:9      | 6998 ||| FLEEEEING.
  6999 | D:9      | 6999 ||| STAIRDANCE
  7081 | D:9      | Found a staircase to the Lair.
  7195 | D:9      | Reached XP level 11. HP: 75/75 MP: 14/14
  7281 | D:9      | Found a transporter.
  7284 | D:9      | Noticed qw's ghost (novice GrFi)
  7284 | D:9      | Identified the +2 dire flail of a treasure trove {heavy,
                  | rF++}
  7284 | D:9      | Noticed a two-headed ogre
  7285 | D:9      | Found a transporter.
  7286 | D:9      | Noticed a two-headed ogre
  7291 | D:9      | Noticed a two-headed ogre
  7391 | D:9      | 7391 ||| READING scroll of enchant weapon.
  7391 | D:9      | 7391 ||| ENCHANTING +6 war axe.
  7470 | D:9      | Identified the +7 war axe of Irrepressible Laughter {flame,
                  | *Slow rF- rN++ Stlth+}
  7561 | D:9      | 7561 ||| Stepping ~*~*~tactically~*~*~ (hiding).
  7563 | D:9      | 7563 ||| Stepping ~*~*~tactically~*~*~ (hiding).
  7570 | D:9      | Reached skill level 9 in Fighting
  7755 | D:9      | 7755 ||| PLANNING LAIR
  7755 | D:9      | 7755 ||| READING 5 scrolls of identify.
  7755 | D:9      | 7755 ||| IDENTIFYING emerald potion
  7756 | D:9      | 7756 ||| DROPPING potion of degeneration.
  7784 | Lair:1   | Entered Level 1 of the Lair of Beasts
  7819 | Lair:1   | 7819 ||| INVOKING Heroism.
  7837 | Lair:1   | Reached *** piety under Okawaru
  7897 | Lair:1   | 7897 ||| Stepping ~*~*~tactically~*~*~ (stealth).
  7909 | Lair:1   | 7909 ||| INVOKING Heroism.
  8153 | Lair:1   | 8153 ||| INVOKING Heroism.
  8157 | Lair:1   | Noticed an ice dragon
  8168 | Lair:1   | HP: 19/78 [ice dragon (5)]
  8169 | Lair:1   | 8169 ||| DRINKING potion of heal wounds.
  8179 | Lair:1   | HP: 19/78 [ice dragon] (2)]
  8186 | Lair:1   | HP: 14/78 [ice dragon (11)]
  8187 | Lair:1   | Killed from afar by an ice dragon

Levels and vault maps discovered:
D:1:      kennysheep_arrival_seaside, layout_basic, minmay_tripent
D:2:      layout_basic, uniq_natasha, uniq_jessica, uniq_sigmund
D:3:      layout_loops_cross, gammafunk_temple_overflow_wave,
          shapermc_ecumenical_altar_totnotflames, nicolae_figureground_pulse
D:4:      layout_gridville, minmay_gold_behind_fungi, grunt_decor_clamped,
          grunt_ministairs_10, minmay_checkerbox, uniq_ijyb, uniq_robin
D:5:      layout_cave_pools
D:6:      minmay_clustersquares, layout_rooms, uniq_menkaure,
          uniq_crazy_yiuf_cottage
D:7:      layout_cave_pools, nicolae_wu_jian_immortal_techniques,
          minmay_temple_entry_junction_2, gammafunk_ghost_grave,
          roderic_serpentine_path, kennysheep_cross_bottleneck,
          minmay_shop_damaged, chequers_arboretum, eino_jars, uniq_maggie
D:8:      layout_basic
D:9:      layout_rooms, lair_entry_dummy, gammafunk_ghost_smash,
          nicolae_two_hexagons, nicolae_elemental_shop, hex_large,
          dk_noncrumbling_2
Temple:   hellmonk_temple_divided_pantheon
Lair:1:   dragon1_lemuel, layout_regular_city

Skill      XL: |  1  2  3  4  5  6  7  8  9 10 11 |
---------------+----------------------------------+-----
Axes           | 2 3 5 7 8 10 11 | 11.9
Fighting       | 4 6 7 8 9 |  9.0
Dodging        | 1 |  1.2
Throwing       | 1 |  1.1
Armour         | 4 5 6 7 8 |  8.1
Shields        | 4 5 |  5.4
Invocations    | 4 |  4.3

Action                     |  1- 3 |  4- 6 |  7- 9 | 10-12 || total
---------------------------+-------+-------+-------+-------++-------
  Melee: War axe           |    99 |   171 |   269 |   204 ||   743
  Throw: Boomerang         |       |    18 |    57 |    37 ||   112
 Invoke: Heroism           |       |       |       |     4 ||     4
    Use: Scroll            |     3 |     4 |    15 |     6 ||    28
         Potion            |     1 |     3 |     6 |     1 ||    11
 Armour: Scale mail        |    55 |    92 |       |       ||   147
         Chain mail        |       |    14 |    27 |       ||    41
         Plate armour      |       |       |   160 |   143 ||   303
  Dodge: Dodged            |    41 |    72 |    76 |    75 ||   264
  Block: Buckler           |    20 |    28 |    46 |    34 ||   128

Table legend:
 A = Non-vault XP
 B = Vault XP
 C = Vault XP percentage of total XP
 D = Non-vault monster count
 E = Vault monster count
 F = Vault count percentage of total count
                 A         B        C        D         E       F
            +---------+---------+-------+---------+---------+-------
      Total |   10260 |    2635 |  20.4 |     179 |      48 |  21.1
            +---------+---------+-------+---------+---------+-------
        D:1 |      26 |       4 |  13.3 |      18 |       2 |  10.0
        D:2 |     138 |     299 |  68.4 |      25 |       3 |  10.7
        D:3 |      93 |       0 |   0.0 |      22 |       0 |   0.0
        D:4 |     249 |     108 |  30.3 |      13 |      19 |  59.4
        D:5 |     840 |       0 |   0.0 |      19 |       0 |   0.0
        D:6 |     634 |    1424 |  69.2 |      20 |      16 |  44.4
        D:7 |     824 |     800 |  49.3 |      12 |       8 |  40.0
        D:8 |    1762 |       0 |   0.0 |      14 |       0 |   0.0
        D:9 |    2912 |       0 |   0.0 |      21 |       0 |   0.0
     Lair:1 |    2782 |       0 |   0.0 |      15 |       0 |   0.0
            +---------+---------+-------+---------+---------+-------
